AoeStats
← All Along the Watchtower

Yucatan

510817804Analyzed
3v3 RM · 19h ago on Oct 2, 2026· 82m 23s· 6 players
Game mode
Random Map
Map size
Normal (6 player)
Population
200
Speed
Normal
Resources
Standard
Victory
Conquest
Starting age
Dark Age
Ending age
Imperial Age
RankedLock teamsTeams togetherTeam positionsShared explorationLock speedFull tech treeHidden civsTurbo modeCheats
Victory
Defeat
711
+13
🇫🇷 Teutons · France
711
+13
🇬🇧 Bulgarians · United Kingdom
641
+16
🇩🇪 Persians · Germany
654
-14
🇩🇪 Teutons · Germany
644
-14
🇩🇪 Burgundians · Germany
642
-14
DeepThought
0:58 Loom
9:22 Wheelbarrow
11:55 Feudal Age
11:37 Double-Bit Axe
17:33 Bow Saw
19:54 Hand Cart
22:47 Castle Age
22:14 Stone Mining
22:34 Horse Collar
23:39 Stone Shaft Mining
24:28 Heavy Plow
24:41 Fletching
25:04 Forging
25:00 Gold Mining
25:44 Crop Rotation
29:06 Husbandry
30:17 Bodkin Arrow
31:38 Two-Man Saw
31:34 Gold Shaft Mining
30:58 Cavalier
31:30 Town Watch
32:44 Town Patrol
35:38 Imperial Age
33:21 Elite Skirmisher
34:43 Murder Holes
35:01 Masonry
35:23 Squires
34:43 Pikeman
36:00 Halberdier
37:23 Paladin
38:06 Bracer
38:41 Iron Casting
38:07 Scale Mail Armor
38:13 Scale Barding Armor
39:47 Conscription
39:35 Burgundian Vineyards
40:02 Crossbowman
41:01 Chain Mail Armor
41:46 Blast Furnace
40:48 Padded Archer Armor
41:53 Chemistry
41:37 Architecture
42:42 Chain Barding Armor
42:53 Plate Mail Armor
43:31 Hoardings
43:28 Treadmill Crane
45:09 Onager
61:52 Plate Barding Armor
66:04 Fortified Wall
78:09 Capped Ram
manniando
8:49 Loom
11:12 Feudal Age
13:38 Gold Mining
13:37 Double-Bit Axe
16:18 Stone Mining
21:20 Castle Age
19:45 Forging
19:43 Scale Barding Armor
19:33 Horse Collar
21:38 Wheelbarrow
20:50 Town Watch
24:12 Bloodlines
25:02 Heavy Plow
25:59 Fletching
26:54 Bow Saw
28:34 Elite Skirmisher
34:57 Imperial Age
32:53 Hand Cart
34:09 Scale Barding Armor
34:40 Iron Casting
34:01 Bodkin Arrow
34:07 Scale Mail Armor
33:31 Pikeman
35:49 Gold Shaft Mining
35:50 Conscription
35:08 Cavalier
35:52 Husbandry
35:57 Padded Archer Armor
37:54 Hoardings
38:49 Chemistry
38:00 Masonry
37:20 Halberdier
38:19 Town Patrol
39:04 Crossbowman
39:50 Thumb Ring
44:20 Chain Barding Armor
45:01 Blast Furnace
44:17 Chain Mail Armor
45:13 Ballistics
45:24 Architecture
50:02 Plate Barding Armor
49:58 Plate Mail Armor
49:59 Savar
50:00 Heavy Camel Rider
52:46 Leather Archer Armor
69:05 Light Cavalry
72:26 Kamandaran
72:40 Hussar
benja
12:14 Feudal Age
12:46 Double-Bit Axe
12:44 Horse Collar
13:32 Stone Mining
13:33 Gold Mining
14:26 Wheelbarrow
22:01 Fletching
22:13 Padded Archer Armor
28:48 Castle Age
27:08 Man-at-Arms
28:55 Scale Mail Armor
29:56 Heavy Plow
30:53 Guard Tower
30:59 Elite Skirmisher
32:56 Bodkin Arrow
33:17 Leather Archer Armor
34:37 Hand Cart
40:29 Imperial Age
39:22 Chain Mail Armor
38:59 Town Watch
40:20 Long Swordsman
40:22 Pikeman
40:26 Crossbowman
42:10 Ring Archer Armor
42:42 Bow Saw
45:13 Keep
49:56 Ballistics
50:37 Chemistry
50:11 Plate Mail Armor
50:22 Two-Handed Swordsman
50:47 Elite Teutonic Knight
52:44 Crop Rotation
56:41 Cavalier
58:30 Paladin
60:12 Halberdier
RoadinHR2019
4:32 Loom
4:49 Loom
10:56 Feudal Age
11:46 Town Watch
12:21 Double-Bit Axe
12:27 Man-at-Arms
18:59 Wheelbarrow
20:12 Forging
20:27 Scale Mail Armor
24:58 Castle Age
25:52 Town Patrol
25:15 Pikeman
25:15 Long Swordsman
25:19 Crossbowman
27:04 Fletching
39:56 Imperial Age
38:10 Ballistics
37:52 Bodkin Arrow
41:25 Crenellations
43:02 Chemistry
50:12 Siege Engineers
Toffzter
1:07 Loom
14:14 Feudal Age
16:15 Wheelbarrow
15:26 Town Watch
15:28 Double-Bit Axe
15:26 Horse Collar
22:53 Castle Age
22:27 Forging
22:07 Fletching
22:18 Padded Archer Armor
22:18 Scale Mail Armor
24:29 Arson
24:56 Bloodlines
24:41 Stone Mining
24:41 Gold Mining
25:47 Hand Cart
25:51 Town Patrol
27:12 Bow Saw
27:26 Heavy Plow
30:25 Scale Barding Armor
30:55 Iron Casting
30:16 Bodkin Arrow
30:40 Leather Archer Armor
31:14 Chain Mail Armor
31:20 Chain Barding Armor
30:49 Gambesons
34:22 Ballistics
33:53 Guard Tower
33:59 Murder Holes
34:15 Masonry
34:10 Caravan
40:32 Imperial Age
39:59 Stirrups
41:13 Husbandry
40:33 Light Cavalry
40:34 Cavalier
41:17 Squires
40:37 Pikeman
42:21 Blast Furnace
41:52 Plate Mail Armor
41:57 Plate Barding Armor
41:23 Bracer
41:28 Bagains
42:27 Conscription
43:16 Chemistry
42:47 Architecture
42:52 Crop Rotation
43:24 Stone Shaft Mining
43:25 Gold Shaft Mining
44:38 Siege Engineers
49:46 Elite Konnik
51:08 Halberdier
All Along the Watchtower
0:26 Loom
12:47 Feudal Age
13:15 Double-Bit Axe
13:24 Gold Mining
17:27 Stone Mining
21:58 Castle Age
20:10 Horse Collar
26:48 Heavy Plow
27:00 Bow Saw
27:27 Gold Shaft Mining
33:59 Imperial Age
32:37 Caravan
34:23 Forging
34:14 Scale Mail Armor
36:25 Two-Man Saw
35:59 Crop Rotation
35:52 Murder Holes
36:07 Fortified Wall
37:29 Elite Varangian Guard
37:30 Man-at-Arms
39:42 Long Swordsman
39:42 Pikeman
40:22 Squires
40:08 Arson
39:46 Capped Ram
41:06 Iron Casting
40:47 Chain Mail Armor
40:23 Fletching
40:33 Padded Archer Armor
42:42 Siege Ram
43:59 Plate Mail Armor
43:45 Leather Archer Armor
44:35 Blast Furnace
44:08 Two-Handed Swordsman
44:20 Elite Berserk
46:44 Conscription
46:26 Bogsveigar
48:14 Champion
54:56 Town Watch
56:07 Crossbowman
59:08 Chemistry
58:28 Ballistics
57:31 Arbalester
59:07 Bodkin Arrow
59:28 Leather Archer Armor
59:20 Scale Barding Armor
58:37 Cavalier
58:38 Light Cavalry
59:55 Hoardings
59:20 Chieftains
63:03 Ring Archer Armor
62:33 Bracer
62:54 Chain Barding Armor
73:52 Town Patrol
73:16 Elite Skirmisher
73:18 Onager
73:19 Heavy Scorpion
74:35 Hoardings
77:16 Devotion
Connection lost

Rejoining the realm…

Still unreachable

The connection could not be restored.

Session expired

The server has moved on; the page needs a fresh start.